 Dungeon Crawl Stone Soup version 0.31-a0-662-g684573625c (webtiles) character file.

Game seed: 12504737397298540801

4078 Joey1 the Severer (level 10, -5/80 HPs)
             Began as a Minotaur Fighter on Aug 31, 2023.
             Was an Elder of Okawaru.
             Slain by a two-headed ogre
             ... wielding a +0 giant spiked club
              (12 damage)
             ... on level 9 of the Dungeon.
             The game lasted 00:24:22 (8704 turns).

Joey1 the Severer (Minotaur Fighter)                Turns: 8704, Time: 00:24:25

Health: -5/80      AC: 10    Str: 26    XL:     10   Next: 5%
Magic:  9/9        EV: 10    Int:  5    God:    Okawaru [****..]
Gold:   556        SH:  4    Dex:  9    Spells: 9/9 levels left

rFire   . . .        a - +0 war axe
rCold   . . .        c - +0 buckler
rNeg    . . .        b - +0 scale mail
rPois   +            (helmet restricted)
rElec   .            g - +1 cloak
rCorr   .            n - +0 pair of gloves
SInv    .            (no boots)
Will    .....        E - amulet of the acrobat Stlth
                     m - ring of flight
HPRegen 0.33/turn    F - ring of poison resistance
MPRegen 0.11/turn

%: acrobat
@: flying, studying Ice Magic
A: horns 2, retaliatory headbutt
a: Renounce Religion, Heroism, Finesse


You were on level 9 of the Dungeon.
You worshipped Okawaru.
Okawaru was greatly pleased with you.
You visited 2 branches of the dungeon, and saw 10 of its levels.

You collected 556 gold pieces.

Inventory:

Hand Weapons
 a - a +0 war axe (weapon)
Missiles
 k - 14 boomerangs
 B - 16 poisoned darts
 L - 2 throwing nets
Armour
 b - a +0 scale mail (worn)
 c - a +0 buckler (worn)
 g - a +1 cloak (worn)
 n - a +0 pair of gloves (worn)
 A - a +0 leather armour of willpower
 C - +0 steam dragon scales
Jewellery
 l - an amulet of magic regeneration
 m - a ring of flight (left hand)
 v - a ring of ice
 E - an amulet of the acrobat (around neck)
 F - a ring of poison resistance (right hand)
Wands
 s - a wand of polymorph (7)
 z - a wand of acid (15)
 G - a wand of iceblast (9)
 N - a wand of mindburst (9)
Scrolls
 f - 2 scrolls of blinking
 o - 3 scrolls of vulnerability
 p - 2 scrolls of fear
 r - a scroll of immolation {unknown}
 u - a scroll of enchant armour {unknown}
 y - a scroll of noise {unknown}
 D - a scroll of revelation {unknown}
 H - 3 scrolls of identify
 M - 2 scrolls of enchant weapon {unknown}
Potions
 d - a potion of might
 e - a potion of enlightenment {unknown}
 h - a potion of mutation {unknown}
 i - 4 potions of heal wounds
 j - a potion of attraction {unknown}
 q - a potion of invisibility
 t - a potion of ambrosia {unknown}
 w - a potion of haste {unknown}
 x - 2 potions of cancellation
 I - a potion of brilliance {unknown}
 J - a potion of magic {unknown}
 K - 2 potions of lignification {unknown}


   Skills:
 + Level 4.7 Fighting
 - Level 16.0 Axes
 + Level 4.6 Armour
 + Level 2.9 Dodging
 + Level 4.6 Shields


You had 9 spell levels left.
You didn't know any spells.
Your spell library was empty.

Dungeon Overview and Level Annotations

Branches:
Dungeon (9/15)             Temple (1/1) D:4            Lair (0/5) D:9
    Orc (0/2) D:9

Altars:
Ashenzari
Cheibriados
Elyvilon
Gozag
Hepliaklqana
Nemelex Xobeh
Okawaru
Qazlal
Ru
Sif Muna
Trog
Uskayaw
Wu Jian
Xom
Yredelemnul
Zin
The Shining One

Annotations:
D:6 4 runed translucent doors, Crazy Yiuf; Rudyous's ghost, novice DsCj
D:8 Amaemon


Innate Abilities, Weirdness & Mutations

You have a pair of horns on your head.
You reflexively headbutt those who attack you in melee.


Message History

You start resting.
HP restored.
You see here a troll corpse.
Found an escape hatch in the ceiling.
A two-headed ogre comes into view.
It is wielding a +0 giant spiked club and a +0 giant club.
The two-headed ogre shouts in stereo!
Found a stone staircase leading up.
You barely miss the two-headed ogre. You headbutt the two-headed ogre.
The two-headed ogre is lightly wounded.
The two-headed ogre hits you with a +0 giant spiked club!
You block the two-headed ogre's attack.
You barely miss the two-headed ogre.
The two-headed ogre is lightly wounded.
You barely miss the two-headed ogre.
The two-headed ogre is lightly wounded.
The two-headed ogre hits you with a +0 giant spiked club!!
The two-headed ogre barely misses you.
You barely miss the two-headed ogre.
The two-headed ogre is lightly wounded.
You hit the two-headed ogre but do no damage.
You headbutt the two-headed ogre!
The two-headed ogre is lightly wounded.
The two-headed ogre closely misses you. x2
You barely miss the two-headed ogre.
Your headbutt misses the two-headed ogre.
The two-headed ogre is lightly wounded.
You slash the two-headed ogre!
The two-headed ogre is heavily wounded.
The two-headed ogre hits you with a +0 giant spiked club!
The two-headed ogre hits you with a +0 giant club.
You hit the two-headed ogre.
Your headbutt misses the two-headed ogre.
The two-headed ogre is heavily wounded.
You hit the two-headed ogre.
You headbutt the two-headed ogre, but do no damage.
The two-headed ogre is heavily wounded.
The two-headed ogre hits you with a +0 giant spiked club!!
* * * LOW HITPOINT WARNING * * *
The two-headed ogre hits you with a +0 giant club!
You die...

### ## #.######
.### #......# ...##
#.####.# .#..###
#.# #.#
##....######.####.#
##.......>##.#<.O.#
##....###.##O###@.#
##....# #.##.# #..#
##....# #.##.# #..#
.#....# #.##.###..#
......# #.##.#.<..#
.###### #.##.....##
'#..# #.##...###
....# #.##...#
....# #.##...#


You could see a two-headed ogre.

Vanquished Creatures
  Maggie (D:7)
  2 trolls (D:9)
  2 wyverns (D:9)
  A wraith (D:9)
  A steam dragon (D:6)
  2 water moccasins (D:7)
  2 orc warriors (D:9)
  2 sky beasts (D:7)
  2 black bears (D:6)
  4 ogres
  2 centaurs (D:7)
  3 kobold brigands
  A scorpion (D:5)
  2 bullfrogs
  A gnoll sergeant (D:7)
  A howler monkey (D:5)
  3 quasits (D:4)
  A gnoll bouda (D:9)
  2 hounds
  2 jellies
  3 orc priests
  3 iguanas
  Ijyb (D:4)
  5 orc wizards
  19 gnolls
  4 adders
  6 shadow imps
  5 white imps (D:4)
  3 ufetubi
  3 dart slugs
  48 orcs
  3 ball pythons (D:1)
  6 bats
  4 endoplasms
  2 giant cockroaches
  9 goblins
  7 hobgoblins
  9 jackals
  2 quokkas
  3 frilled lizards
  A goblin skeleton (D:8)
  19 kobolds
  2 kobold skeletons (D:8)
  2 kobold zombies (D:8)
  An orc skeleton (D:8)
  2 orc zombies (D:8)
  8 rats
217 creatures vanquished.

Notes
Turn   | Place    | Note
-------+----------+-------------------------------------------
     0 | D:1      | Joey1 the Minotaur Fighter began the quest for the Orb.
     0 | D:1      | Reached XP level 1. HP: 19/19 MP: 0/0
   121 | D:1      | Reached XP level 2. HP: 26/27 MP: 1/1
   512 | D:1      | Reached skill level 1 in Dodging
   636 | D:1      | Reached XP level 3. HP: 33/33 MP: 2/2
   869 | D:2      | Reached skill level 3 in Axes
  1604 | D:2      | Found a faded altar of an unknown god.
  1707 | D:3      | Reached skill level 4 in Axes
  1707 | D:3      | Reached XP level 4. HP: 22/40 MP: 3/3
  1861 | D:3      | Found a glowing silver altar of Zin.
  1861 | D:3      | Noticed an angel
  1990 | D:3      | Reached skill level 5 in Axes
  1995 | D:3      | Reached XP level 5. HP: 46/46 MP: 4/4
  2646 | D:4      | Found a staircase to the Ecumenical Temple.
  2683 | D:4      | Noticed Ijyb
  2704 | D:4      | Killed Ijyb
  2705 | D:4      | Reached skill level 6 in Axes
  2736 | Temple   | Entered the Ecumenical Temple
  2745 | Temple   | Became a worshipper of Warmaster Okawaru
  2842 | D:4      | Reached XP level 6. HP: 50/52 MP: 5/5
  2848 | D:4      | Reached skill level 7 in Axes
  3249 | D:4      | Reached * piety under Okawaru
  3250 | D:4      | Reached skill level 8 in Axes
  3250 | D:4      | Reached XP level 7. HP: 13/59 MP: 6/6
  3824 | D:5      | Entered Level 5 of the Dungeon
  3869 | D:5      | Found a shimmering blue altar of Sif Muna.
  3877 | D:5      | Reached skill level 9 in Axes
  4006 | D:5      | You are sucked into a shaft and drop 2 floors!
  4029 | D:7      | Noticed Maggie
  4060 | D:7      | Killed Maggie
  4060 | D:7      | Reached ** piety under Okawaru
  4061 | D:7      | Reached skill level 10 in Axes
  4061 | D:7      | Reached XP level 8. HP: 21/66 MP: 7/7
  4230 | D:7      | Found a shimmering altar of Xom.
  4245 | D:7      | Reached skill level 11 in Axes
  4417 | D:6      | Found a basalt altar of Yredelemnul.
  4637 | D:5      | Reached skill level 12 in Axes
  4820 | D:5      | Reached *** piety under Okawaru
  5085 | D:6      | Found a runed translucent gate.
  5085 | D:6      | Found a runed translucent gate.
  5085 | D:6      | Found a runed translucent gate.
  5087 | D:6      | Noticed Rudyous's ghost (novice DsCj)
  5226 | D:6      | Found a runed translucent door.
  5227 | D:6      | Noticed Crazy Yiuf
  5374 | D:6      | Reached skill level 13 in Axes
  5564 | D:6      | Reached XP level 9. HP: 62/71 MP: 8/8
  6292 | D:7      | Reached skill level 14 in Axes
  6951 | D:8      | Found a glowing golden altar of the Shining One.
  7031 | D:8      | Noticed Amaemon
  7031 | D:8      | Noticed an orange demon
  7060 | D:8      | HP: 1/71 [poisoned by Amaemon]
  7667 | D:9      | Reached skill level 15 in Axes
  7832 | D:9      | Found a staircase to the Lair.
  7883 | D:9      | Noticed a troll
  7899 | D:9      | Killed a troll
  8075 | D:9      | Reached **** piety under Okawaru
  8161 | D:9      | Reached skill level 16 in Axes
  8226 | D:9      | Found a staircase to the Orcish Mines.
  8419 | D:9      | Noticed a troll
  8431 | D:9      | Killed a troll
  8432 | D:9      | Reached XP level 10. HP: 40/80 MP: 9/9
  8615 | D:9      | Noticed a two-headed ogre
  8704 | D:9      | Slain by a two-headed ogre

Illustrated notes

Levels and vault maps discovered:
D:1:      dpeg_arrival_shrine, layout_loops_cross, minmay_misc_feat_tiny
D:2:      layout_loops_corners, shapermc_ecumenical_altar_venn
D:3:      layout_loops_ring, zin_angel, grunt_decor_junction,
          hangedman_abyss_or_decor_lesser_grid
D:4:      dreamdust_elfheim, layout_basic, minmay_temple_entry_tees,
          serial_demonic, serial_demonic_e, serial_demonic_c, serial_demonic_a,
          serial_demonic_e, serial_demonic_f, serial_demonic_a,
          minmay_manual_moon, uniq_ijyb
D:5:      layout_rooms, nicolae_sif_muna_condensation, kennysheep_big_empty_room
D:6:      layout_basic, lemuel_crystal_altar, ebering_ghost_rock_garden,
          minmay_tree_intersection, uniq_crazy_yiuf_cottage
D:7:      layout_rooms, xom_butterflies, uniq_maggie
D:8:      layout_gridville, nicolae_tso_besieged_by_evil,
          ebering_dispersal_statue_hall, uniq_amaemon
D:9:      layout_basic, lair_entry_dummy, hiddenorc2_lemuel, fungi_pond_lemuel,
          minmay_statue_bubble
Temple:   hellmonk_temple_two_chambers

Skill      XL: |  1  2  3  4  5  6  7  8  9 |
---------------+----------------------------+-----
Dodging        | 1 2 |  2.9
Fighting       | 4 |  4.7
Armour         | 4 |  4.6
Shields        | 4 |  4.6
Axes           | 4 5 6 8 10 13 16 | 16.0

Action                     |  1- 3 |  4- 6 |  7- 9 | 10-12 || total
---------------------------+-------+-------+-------+-------++-------
  Melee: War axe           |    77 |   132 |   309 |     9 ||   527
         Headbutt          |    11 |    15 |    50 |     3 ||    79
    Use: Scroll            |       |       |     8 |       ||     8
         Potion            |       |       |     1 |       ||     1
 Armour: Scale mail        |    50 |   141 |    78 |     6 ||   275
         Skin              |       |    41 |       |       ||    41
         Leather armour    |       |       |    83 |       ||    83
         Steam dragon scal |       |       |     3 |       ||     3
  Dodge: Dodged            |    41 |    87 |   127 |     3 ||   258
  Block: Buckler           |    15 |    36 |    57 |     1 ||   109

Table legend: (Time is in decaauts)
 A = Elapsed time spent in this place.
 B = Non-inter-level travel time spent in this place.
 C = Inter-level travel time spent in this place.
 D = Time resting spent in this place.
 E = Time spent auto-exploring this place.
 F = Levels seen in this place.
 G = Mean time per level.
                   A        B        C        D        E       F      G
               +--------+--------+--------+--------+--------+-----+--------+
         Total |   8712 |   8321 |    391 |   1309 |   5031 |  10 |  871.2 |
       Dungeon |   8691 |   8317 |    374 |   1309 |   5031 |   9 |  965.7 |
        Temple |     20 |      3 |     17 |      0 |      0 |   1 |   20.0 |
               +--------+--------+--------+--------+--------+-----+--------+

Top non-repeatable levels by time:
     D:6: 1405 daAuts
     D:4: 1229 daAuts
     D:9: 1153 daAuts
     D:7: 1026 daAuts
     D:3: 950 daAuts
     D:2: 902 daAuts
     D:5: 788 daAuts
     D:1: 777 daAuts
     D:8: 458 daAuts
  Temple: 20 daAuts
